 Dungeon Crawl Stone Soup version 0.31.0-32-g396128a36d (webtiles) character file.

Game seed: 6010453515123413515

98 RatsInWalls the Ruffian (level 4, -1/36 HPs)
             Began as a Demigod Shapeshifter on Mar 9, 2024.
             Slain by a gnoll
             ... wielding a +0 flail
              (8 damage)
             ... on level 1 of the Dungeon.
             The game lasted 00:04:40 (2009 turns).

RatsInWalls the Ruffian (Demigod Shapeshifter)      Turns: 2009, Time: 00:04:41

Health: -1/36      AC:  2    Str: 19    XL:     4   Next: 21%
Magic:  6/6        EV: 12    Int: 12    God:
Gold:   122        SH:  0    Dex: 13    Spells: 3/3 levels left

rFire   . .          .
                       - Unarmed
rCold   . . .        (no shield)
rNeg    . . .        a - +0 animal skin
rPois   .            (helmet currently unavailable)
rElec   .            (cloak currently unavailable)
rCorr   .            (gloves currently unavailable)
SInv    .            (boots currently unavailable)
Will    .....        (no amulet)
Stlth   ++           (no ring)
HPRegen 0.26/turn    (no ring)
MPRegen 0.10/turn

%: no passive effects
@: beast-form
A: beast (slay +1), high MP 1, forlorn, divine attributes
a: Begin Untransformation


You were on level 1 of the Dungeon.
You were a hulking beast.
You visited 1 branch of the dungeon, and saw 2 of its levels.

You collected 122 gold pieces.

Inventory:

Armour
 a - a +0 animal skin (worn)
Talismans
 c - a beast talisman
 d - a flux talisman
Scrolls
 f - a scroll of summoning {unknown}
 g - a scroll of fog {unknown}
 i - a scroll of identify
 j - a scroll of fear
Potions
 b - a potion of lignification
 e - 2 potions of enlightenment
 h - a potion of resistance {unknown}
 k - a potion of berserk rage {unknown}


   Skills:
 + Level 1.7 Fighting
 + Level 2.4 Dodging
 + Level 1.6 Stealth
 + Level 3.2 Unarmed Combat
 + Level 3.1 Shapeshifting


You had 3 spell levels left.
You didn't know any spells.
Your spell library was empty.

Dungeon Overview and Level Annotations

Branches:
Dungeon (2/15)


Innate Abilities, Weirdness & Mutations

You are a hulking beast.
Your limbs bulge with bestial killing power. (Slay +1)
You have an increased reservoir of magic. (+10% MP)
You shall have no god before yourself.
Your divine heritage dramatically boosts your attributes as you level up.


Message History

There is an open door here.
You punch the gnoll!
The gnoll is heavily wounded.
The gnoll hits you with a +0 halberd!
You hit the gnoll. You punch the gnoll.
You kill the gnoll!
You start resting.
HP restored.
There is an open door here.
You see here a +0 halberd.
As you read the scroll labelled PUUTWAARPHO, it crumbles to dust.
You assume a fearsome visage.
Nothing appears to happen.
It was a scroll of fear.
As you read the scroll labelled AZXUUG EQ YJEU, it crumbles to dust.
It is a scroll of identify.
e - 2 potions of enlightenment
i - a scroll of identify A gnoll comes into view.
It is wielding a +0 spear. 2 gnolls come into view.
The gnoll shouts!
The gnoll shouts!
The gnoll shouts!
You see here a +0 halberd.
There is an open door here.
There is a stone staircase leading up here.
You climb upwards.
There is a stone staircase leading down here.
You climb downwards.
The gnoll closely misses you.
There is a stone staircase leading up here.
The gnoll hits you with a +0 flail!
You climb upwards.
There is a stone staircase leading down here.
You barely miss the gnoll. The gnoll hits you with a +0 flail!
You closely miss the gnoll. The gnoll hits you with a +0 flail!
* * * LOW HITPOINT WARNING * * *
You hit the gnoll.
The gnoll is lightly wounded.
The gnoll barely misses you. The gnoll attacks as it pursues you!
The gnoll hits you with a +0 flail!
You die...

#)##.##.#.# ####.###...P
#.##.##.#.###........P♣P
#.##....#.....##.###..P.
#.##.#######............
#.##....#.......#.##....
#.####..#.#.......##....
#.# #..#.#...........P.
#.# #..g.#........#.P.♣
#.# #.h#####...##.#....
#.# ##.# #...##.#...♣
#.# #.# #.####.#.... #.#
#.# #.# #.###.. #.# #.#
#.####.###.. #.# #.#
#........... #.# #.#
######...... #.# #.#
#.....##.# #.# #.#
#.###.##.#


You could see a gnoll.

Vanquished Creatures
  A gnoll (D:2)
  2 adders (D:2)
  A dart slug (D:1)
  3 orcs (D:2)
  6 ball pythons
  3 endoplasms (D:2)
  A giant cockroach (D:1)
  7 goblins
  5 hobgoblins
  10 jackals
  5 kobolds
  2 quokkas
  4 bats (D:1)
  3 frilled lizards
  6 rats
59 creatures vanquished.

Notes
Turn   | Place    | Note
-------+----------+-------------------------------------------
     0 | D:1      | RatsInWalls the Demigod Shapeshifter began the quest for
                  | the Orb.
     0 | D:1      | Reached XP level 1. HP: 15/15 MP: 3/3
    17 | D:1      | Reached skill level 1 in Fighting
   158 | D:1      | Reached XP level 2. HP: 23/23 MP: 4/4
   423 | D:1      | Reached skill level 1 in Stealth
   604 | D:1      | Reached XP level 3. HP: 28/28 MP: 5/5
  1636 | D:2      | Reached XP level 4. HP: 31/36 MP: 6/6
  2009 | D:1      | Slain by a gnoll

Illustrated notes

Levels and vault maps discovered:
D:1:      spicycebolla_arrival_clurvy, layout_loops_ring
D:2:      layout_basic, dreamdust_ecumenical_altar_grove,
          guppyfry_early_orc_mine

Skill      XL: |  1  2  3 |
---------------+----------+-----
Fighting       | 1 |  1.7
Dodging        | 2 |  2.4
Stealth        | 1 |  1.6
Unarmed Combat | 3 |  3.2
Shapeshifting  | 3 |  3.1

Action                     |  1- 3 |  4- 6 || total
---------------------------+-------+-------++-------
  Melee: Unarmed           |   164 |    24 ||   188
         Punch             |     4 |     1 ||     5
    Use: Scroll            |       |     2 ||     2
   Stab: Sleeping          |     3 |       ||     3
 Armour: Animal skin       |    79 |    14 ||    93
  Dodge: Dodged            |   112 |    10 ||   122
